 Dungeon Crawl Stone Soup version 0.22.1-2-g9c5b331 (webtiles) character file.

38668 Yuikono the Spear-Bearer (level 14, 0/106 HPs)
             Began as a Merfolk Abyssal Knight on Nov 30, 2018.
             Was a High Priest of Lugonu.
             Slain by a hellwing (3 damage)
             ... summoned by an obsidian statue
             ... while paralysed by a chaos spawn
             ... on level 12 of the Dungeon on Dec 3, 2018.
             The game lasted 02:20:41 (24545 turns).

Yuikono the Spear-Bearer (Merfolk Abyssal Knight)  Turns: 24545, Time: 02:20:47

Health: 0/106      AC: 11    Str: 16    XL:     14   Next: 3%
Magic:  13/23      EV:  2    Int: 15    God:    Lugonu [*****.]
Gold:   602        SH:  0    Dex: 17    Spells: 12/13 levels left

rFire    + . .     SeeInvis +   W - +2 trident (protect)
rCold    x . .     Gourm    .   X - +4 shield "Soparhuv" {Str+3 Slay+3}
rNeg     + . .     Faith    .   w - +2 robe {MR+}
rPois    .         Spirit   .   J - +2 helmet {Int+3}
rElec    .         Reflect  +   t - +0 cloak
rCorr    .         Harm     .   e - +0 pair of gloves
MR       ++...                  G - +1 pair of boots {Fly}
Stlth    ++........             q - +3 amulet of reflection
HPRegen  0.27/turn              m - ring of fire
MPRegen  0.18/turn              N - ring of positive energy

@: paralysed, flying, heavily drained
A: change form in water, swift swim, stealthy swim, fangs 1, see invisible,
MP-powered wands
a: Depart the Abyss, Bend Space, Banish, Corrupt, Enter the Abyss, Renounce
Religion, Stop Flying


You were on level 12 of the Dungeon.
You worshipped Lugonu.
Lugonu was extremely pleased with you.
You were not hungry.

You visited 3 branches of the dungeon, and saw 18 of its levels.
You visited the Abyss 1 time.
You also visited: Ossuary and Bailey.

You collected 1652 gold pieces.
You spent 1050 gold pieces at shops.

Inventory:

Hand Weapons
 M - a +4 scimitar of flaming
 W - a +2 trident of protection (weapon)
Missiles
 n - 298 stones
 F - 9 tomahawks (quivered)
 K - 3 tomahawks of returning
 P - 5 poisoned tomahawks
 T - 4 silver tomahawks
Armour
 e - a +0 pair of gloves (worn)
 j - a +2 robe of cold resistance
 t - a +0 cloak (worn)
 w - a +2 robe of magic resistance (worn)
 G - a +1 pair of boots of flying (worn)
 J - a +2 helmet of intelligence (worn)
 X - the +4 shield "Soparhuv" (worn) {Str+3 Slay+3}
   (You bought it in a shop on level 9 of the Dungeon)

   It affects your strength (+3).
   It affects your accuracy and damage with ranged weapons and melee attacks
   (+3).
Jewellery
 m - a ring of fire (left hand)
 q - a +3 amulet of reflection (around neck)
 N - a ring of positive energy (right hand)
 Q - an uncursed ring of stealth
 Z - an uncursed amulet of harm
Wands
 b - a wand of iceblast (12)
 g - a wand of scattershot (7)
 h - a wand of flame (32)
 v - a wand of polymorph (18)
 x - a wand of disintegration (6)
 C - a wand of enslavement (7)
 R - a wand of random effects (59)
 V - a wand of acid (10)
 Y - a wand of digging (26)
Scrolls
 i - 7 scrolls of immolation
 l - 4 scrolls of enchant armour
 p - 2 scrolls of enchant weapon
 s - 6 scrolls of teleportation
 z - a scroll of fear
 E - 2 scrolls of amnesia
 H - 3 scrolls of remove curse
 I - a scroll of brand weapon
 O - a scroll of acquirement
Potions
 d - a potion of ambrosia
 f - 3 potions of mutation
 k - 5 potions of heal wounds
 o - 2 potions of haste
 u - 3 potions of cancellation
 A - a potion of resistance {unknown}
 B - 2 potions of might
 D - 3 potions of flight
 L - a potion of invisibility
 S - 2 potions of curing
 U - 2 potions of berserk rage
Miscellaneous
 a - a fan of gales
 y - a box of beasts
Comestibles
 c - 26 rations


   Skills:
 - Level 8.6(6.7) Fighting
 - Level 14.0(11.8) Polearms
 - Level 0.6(0.0) Armour
 - Level 9.8(7.8) Dodging
 + Level 1.4(0.0) Stealth
 + Level 11.7(9.6) Shields
 - Level 12.0(9.9) Transmutations
 - Level 12.7(10.5) Invocations
 - Level 1.8(0.2) Evocations


You had 12 spell levels left.
You knew the following spells:

 Your Spells              Type           Power        Failure   Level  Hunger
a - Beastly Appendage     Tmut           ####..       1%          1    ##.....

Your spell library contained the following spells:

 Spells                   Type           Power        Failure   Level  Hunger
 Sticks to Snakes         Tmut           ####....     1%          2    ###....
 Passwall                 Tmut/Erth      ##......     11%         2    ###....
 Spider Form              Tmut/Pois      ##........   22%         3    ####...
 Blade Hands              Tmut           ####......   26%         5    ######.
 Magic Dart               Conj           #...         47%         1    ##.....
 Sandblast                Erth           #.....       47%         1    ##.....
 Shock                    Conj/Air       #...         47%         1    ##.....
 Ice Form                 Ice/Tmut       ##......     56%         4    #####..
 Petrify                  Tmut/Erth      ##......     56%         4    #####..
 Blink                    Tloc           N/A          63%         2    ###....
 Call Imp                 Summ           #.......     63%         2    ###....
 Slow                     Hex            #.......     63%         2    ###....
 Swiftness                Chrm/Air       #.......     63%         2    ###....
 Conjure Flame            Conj/Fire      #.......     85%         3    ####...
 Mephitic Cloud           Conj/Pois/Air  #.......     85%         3    ####...
 Static Discharge         Conj/Air       #.......     85%         3    ####...
 Stone Arrow              Conj/Erth      #.....       85%         3    ####...
 Airstrike                Air            #.........   99%         4    #####..
 Lee's Rapid Deconstruct  Erth           #.........   100%        5    ######.
 Lightning Bolt           Conj/Air       #.........   100%        5    ######.


Dungeon Overview and Level Annotations

Branches:
Dungeon (15/15)            Temple (1/1) D:6            Lair (0/6) D:8
    Orc (2/2) D:10            Elf (0/3) Orc:2        Vaults (0/5) D:13
 Depths (0/5) D:15

Altars:
Ashenzari
Cheibriados
Dithmenos
Elyvilon
Fedhas
Gozag
Kikubaaqudgha
Makhleb
Nemelex Xobeh
Okawaru
Qazlal
Ru
Sif Muna
Trog
Uskayaw
Vehumet
Wu Jian
Xom
Yredelemnul
Zin
The Shining One
Beogh

Shops:
D:9 [   D:12 *   D:14 *   Orc:1 ???   Orc:2 [((

Portals:
Trove: D:10 (give 21 scrolls of identify)

Annotations:
D:4 2 runed doors, kalagan's ghost, amateur DEEE
D:12 exclusion: obsidian statue
D:13 3 runed doors, poxu's ghost, journeyman CeHu
Orc:2 2 transporters, whitewolfNL's ghost, journeyman MiBe


Innate Abilities, Weirdness & Mutations

You revert to your normal form in water.
You are very nimble and swift while swimming.
You are very stealthy in the water. (Stealth+)
You have very sharp teeth.
You have supernaturally acute eyesight. (SInv)
You expend magic power (3 MP) to strengthen your wands.


Message History

The red devil hits you from afar with a trident.
* * * LOW HITPOINT WARNING * * *
The chaos spawn gores you!
* * * LOW HITPOINT WARNING * * *
The chaos spawn shocks you!
* * * LOW HITPOINT WARNING * * *
The hellwing hits you but does no damage. x2
The shadow imp hits you but does no damage.
The white imp hits you.
* * * LOW HITPOINT WARNING * * *
The white imp freezes you.
You feel a terrible chill!
* * * LOW HITPOINT WARNING * * *
The quasit bites you.
* * * LOW HITPOINT WARNING * * *
The quasit claws you but does no damage. x2
Your iron imp hits the obsidian statue but does no damage.
The hellwing hits you.
* * * LOW HITPOINT WARNING * * *
The hellwing hits you.
You die...

##..#####
############..#####
####.........#........
#...$............#####
##...........###..#
#............# #..#
#............###..#####
#....5544..............
#....(@8?.[............
#....545.....#.#.......
#.....$........#..>....
#.....5...(....#.......
#......................
#......./..........##..
#?###....#.........##..
#.###.......<#'#...##..
#............'∩'..###..


You could see an obsidian statue, a hellwing, a chaos spawn, a red devil, a
quasit, a crimson imp, a white imp, a shadow imp and a friendly iron imp.

Vanquished Creatures
  Kirke (D:15)
  A yaktaur captain (D:15)
  2 hydras
  A centaur warrior (D:15)
  Erica (D:9)
  2 dancing weapons (D:13)
  2 two-headed ogres
  Nergalle (Orc:1)
  4 unseen horrors
  A flayed ghost (D:12)
  Pikel (D:6)
  A deep elf mage (D:13)
  2 orc sorcerers (Orc:2)
  2 ugly things
  A cyclops (D:14)
  Maurice (D:11)
  4 centaur zombies
  A gargoyle (D:11)
  Joseph (D:9)
  A yaktaur (D:15)
  A freezing wraith (D:12)
  An efreet (D:13)
  5 trolls
  A wind drake (shapeshifter) (D:12)
  4 hippogriffs
  A hippogriff (shapeshifter) (D:12)
  A spriggan (D:7)
  3 shadows
  5 wraiths
  A steam dragon (D:15)
  3 hogs (D:15)
  14 yaks
  A hungry ghost (D:7)
  4 wargs
  A water moccasin (D:10)
  An ice beast (D:10)
  10 ogres
  39 orc warriors
  3 sky beasts
  3 black bears
  2 phantoms
  2 necrophages
  11 centaurs
  A crocodile (D:13)
  A big kobold (D:13)
  6 bullfrogs
  A wyvern zombie (D:12)
  A wyvern skeleton (D:7)
  5 scorpions
  16 killer bees
  8 wights
  4 howler monkeys
  3 crimson imps
  4 centaur skeletons
  5 bullfrog zombies
  5 hounds
  2 jellies
  18 orc priests
  3 bullfrog skeletons
  Jessica (D:2)
  33 orc wizards
  3 iguanas
  14 worker ants
  A hound zombie (D:5)
  4 hound skeletons
  8 mummies (Ossuary)
  A howler monkey zombie (D:8)
  3 worker ant zombies (D:4)
  6 gnolls
  10 adders
  2 howler monkey skeletons
  4 shadow imps
  4 oozes
  3 adder zombies
  6 adder skeletons
  A worm (D:4)
  5 dart slugs
  4 leopard geckos
  120 orcs
  4 bats
  4 giant cockroaches
  7 goblins
  10 hobgoblins
  9 jackals
  13 kobolds
  7 quokkas
  7 frilled lizards
  A gnoll zombie (Ossuary)
  2 hobgoblin zombies (Ossuary)
  A kobold zombie (Ossuary)
  A leopard gecko skeleton (D:4)
  A leopard gecko zombie (D:4)
  4 orc zombies (Ossuary)
  A quokka zombie (D:4)
  5 rats
541 creatures vanquished.

Vanquished Creatures (others)
  An orc warlord (Orc:2)
  A centaur warrior (D:13)
  An orc high priest (Orc:2)
  A wizard (D:15)
  3 orc knights
  An orc sorcerer (Orc:2)
  2 ugly things (D:12)
  A komodo dragon (D:12)
  A human (D:15)
  3 orc warriors (Bailey)
  An ogre (D:5)
  2 centaurs
  A gnoll sergeant (D:9)
  A crimson imp (D:6)
  A bullfrog zombie (D:6)
  An orc wizard (D:15)
  A worker ant (D:6)
  A leopard gecko (D:6)
  9 orcs
33 creatures vanquished.

Grand Total: 574 creatures vanquished

Notes
Turn   | Place    | Note
-------+----------+-------------------------------------------
     0 | Abyss:1  | Yuikono the Merfolk Abyssal Knight began the quest for the
                  | Orb.
     0 | Abyss:1  | Reached XP level 1. HP: 18/18 MP: 2/2
    11 | D:1      | Escaped the Abyss
   166 | D:1      | Reached XP level 2. HP: 12/24 MP: 3/3
   487 | D:1      | Reached XP level 3. HP: 18/29 MP: 4/4
   702 | D:1      | Reached ** piety under Lugonu
  1362 | D:2      | Noticed Jessica
  1377 | D:2      | Killed Jessica
  1377 | D:2      | Reached skill level 4 in Polearms
  1377 | D:2      | Reached XP level 4. HP: 11/37 MP: 6/6
  2612 | D:3      | Reached XP level 5. HP: 42/42 MP: 7/7
  3432 | D:4      | Reached *** piety under Lugonu
  3815 | D:4      | Reached skill level 5 in Polearms
  3815 | D:4      | Reached XP level 6. HP: 27/49 MP: 8/8
  4145 | D:4      | Gained mutation: You have very sharp teeth. [potion of
                  | mutation]
  4145 | D:4      | Gained mutation: You evolve. [potion of mutation]
  4145 | D:4      | Gained mutation: You expend magic power (3 MP) to
                  | strengthen your wands. [potion of mutation]
  4145 | D:4      | Gained mutation: You have supernaturally acute eyesight.
                  | (SInv) [potion of mutation]
  4503 | D:4      | Found a large runed door.
  4505 | D:4      | Found a large runed door.
  4505 | D:4      | Noticed kalagan's ghost (amateur DEEE)
  4909 | D:4      | Reached skill level 5 in Dodging
  4934 | D:5      | Entered Level 5 of the Dungeon
  5044 | D:5      | Found a sand-covered staircase.
  5055 | Ossuary  | Entered an ossuary
  5088 | Ossuary  | Reached skill level 5 in Fighting
  5233 | Ossuary  | Reached XP level 7. HP: 42/56 MP: 10/10
  5590 | Ossuary  | Reached skill level 6 in Polearms
  5878 | D:5      | Found a bloodstained altar of Trog.
  5945 | D:5      | Got a dazzling mace
  5946 | D:5      | Identified the +9 mace of the Hidden Vale {crush, rF+ Int+6
                  | Dex+3} (You found it on level 5 of the Dungeon)
  6863 | D:6      | Reached skill level 5 in Invocations
  6905 | D:6      | Noticed Pikel
  6922 | D:6      | Killed Pikel
  6922 | D:6      | Reached skill level 7 in Polearms
  6922 | D:6      | Reached XP level 8. HP: 46/65 MP: 10/12
  7072 | D:6      | Reached **** piety under Lugonu
  7242 | D:6      | Found a staircase to the Ecumenical Temple.
  7276 | Temple   | Entered the Ecumenical Temple
  7625 | D:6      | Reached skill level 8 in Polearms
  8064 | D:7      | Noticed a hippogriff
  8083 | D:7      | Killed a hippogriff
  8260 | D:7      | Reached XP level 9. HP: 71/71 MP: 13/13
  8649 | D:7      | Reached skill level 9 in Polearms
  9279 | D:7      | Found an opulent altar of Gozag.
  9280 | D:7      | Found a white marble altar of Elyvilon.
  9282 | D:7      | Found a radiant altar of Vehumet.
  9284 | D:7      | Found a stormy altar of Qazlal.
  9284 | D:7      | Found a glowing golden altar of the Shining One.
  9284 | D:7      | Found a shimmering altar of Xom.
  9284 | D:7      | Found a basalt altar of Yredelemnul.
  9949 | D:8      | Found a staircase to the Lair.
  9951 | D:8      | Reached skill level 10 in Polearms
  9968 | D:8      | Got a translucent leather armour
  9979 | D:8      | Identified the cursed +0 leather armour of Rotation {-Tele
                  | rPois rC+} (You found it on level 8 of the Dungeon)
 10048 | D:8      | Found a shattered altar of Ashenzari.
 10211 | D:8      | Reached XP level 10. HP: 41/80 MP: 15/15
 10551 | D:8      | Lost mutation: You evolve. [evolution]
 10553 | D:8      | Learned a level 1 spell: Beastly Appendage
 10627 | D:9      | Reached skill level 1 in Transmutations
 10886 | D:9      | Found Piablum's Armour Emporium.
 10894 | D:9      | Bought the +4 shield "Soparhuv" {Str+3 Slay+3} for 554 gold
                  | pieces
 10901 | D:9      | Found a radiant altar of Vehumet.
 11084 | D:9      | Noticed Joseph
 11115 | D:9      | Killed Joseph
 11115 | D:9      | Reached skill level 1 in Shields
 11141 | D:9      | Reached ***** piety under Lugonu
 11594 | D:9      | Reached skill level 11 in Polearms
 11720 | D:9      | Noticed Erica
 11750 | D:9      | Killed Erica
 12373 | D:10     | Entered Level 10 of the Dungeon
 12446 | D:10     | Reached skill level 5 in Transmutations
 12479 | D:10     | Reached XP level 11. HP: 87/87 MP: 17/17
 12713 | D:10     | Reached skill level 12 in Polearms
 12824 | D:10     | Noticed an unseen horror
 12835 | D:10     | Killed an unseen horror
 13091 | D:10     | Found a staircase to the Orcish Mines.
 13405 | D:10     | Found a portal to a secret trove of treasure.
 13959 | D:11     | Reached skill level 5 in Shields
 13959 | D:11     | Reached skill level 10 in Invocations
 13983 | D:11     | Noticed an unseen horror
 13984 | D:11     | Noticed a four-headed hydra
 13996 | D:11     | Killed an unseen horror
 14013 | D:11     | Killed a four-headed hydra
 14099 | D:11     | Reached skill level 13 in Polearms
 14393 | D:12     | Noticed an obsidian statue
 14393 | D:12     | Noticed Maurice
 14431 | D:11     | Killed Maurice
 14856 | D:12     | Noticed a green ugly thing
 14889 | D:12     | Killed a green ugly thing
 14889 | D:12     | Reached XP level 12. HP: 49/94 MP: 19/19
 15151 | D:12     | Noticed a four-headed hydra
 15185 | D:12     | Killed a four-headed hydra
 15244 | D:12     | Found Roove's General Store.
 15635 | D:13     | Found the +6 lightning scales {run, rElec}
 15637 | D:12     | HP: 2/94 [sixfirhy[an obsidian statue] (9)]
 15638 | D:12     | Noticed a soul eater
 16792 | D:13     | Got a heavily jewelled robe
 16803 | D:13     | Identified the cursed +1 robe of the Pit {rF- Str+4 Slay+3
                  | SInv} (You found it on level 13 of the Dungeon)
 16931 | D:13     | Noticed a centaur warrior
 16942 | D:13     | Killed a centaur warrior
 16942 | D:13     | Reached skill level 14 in Polearms
 16970 | D:13     | Noticed a two-headed ogre
 16980 | D:13     | Killed a two-headed ogre
 17074 | D:13     | Found a runed gate.
 17075 | D:13     | Found a runed gate.
 17075 | D:13     | Noticed poxu's ghost (journeyman CeHu)
 17076 | D:13     | Found a runed gate.
 17215 | D:13     | Reached skill level 10 in Transmutations
 17242 | D:13     | Noticed a tengu warrior
 17770 | D:13     | Found a gate to the Vaults.
 18183 | D:14     | Found Gozag's Platinum Reserve.
 18215 | D:14     | Found an opulent altar of Gozag.
 18231 | D:14     | Reached XP level 13. HP: 94/99 MP: 21/21
 18730 | D:15     | Entered Level 15 of the Dungeon
 18759 | D:15     | Noticed Kirke
 18772 | D:15     | Killed Kirke
 19084 | D:15     | Found a sparkling altar of Nemelex Xobeh.
 19103 | D:15     | Found a staircase to the Depths.
 19103 | D:15     | Noticed a yaktaur captain
 19115 | D:15     | Killed a yaktaur captain
 19628 | Orc:1    | Entered Level 1 of the Orcish Mines
 19628 | Orc:1    | Found Ror Zuo's Magic Scroll Shoppe.
 19629 | Orc:1    | Identified 2 scrolls of acquirement
 19681 | Orc:1    | Bought a scroll of identify for 24 gold pieces
 19884 | Orc:1    | Noticed Nergalle
 19899 | Orc:1    | Killed Nergalle
 19929 | Orc:1    | Found Vaodoj's Magic Scroll Shop.
 19953 | Orc:1    | Bought 2 scrolls of identify for 48 gold pieces
 19953 | Orc:1    | Bought a scroll of identify for 24 gold pieces
 20081 | Orc:1    | Found a flagged portal.
 20097 | Bailey   | Entered a bailey
 20291 | Bailey   | Reached skill level 10 in Shields
 20388 | Bailey   | Reached skill level 1 in Evocations
 20562 | Bailey   | Found a roughly hewn altar of Beogh.
 21122 | Orc:1    | Found Duw Kune's Magic Scroll Shop.
 21127 | Orc:1    | Bought a scroll of identify for 26 gold pieces
 21360 | Orc:2    | Entered Level 2 of the Orcish Mines
 21496 | Orc:2    | Found a roughly hewn altar of Beogh.
 21524 | Orc:2    | Noticed a stone giant
 21585 | Orc:2    | Noticed whitewolfNL's ghost (journeyman MiBe)
 21609 | Orc:2    | Found a staircase to the Elven Halls.
 21614 | Orc:2    | Found a transporter.
 21625 | Orc:2    | Found a roughly hewn altar of Beogh.
 21661 | Orc:2    | Found Cinlod's Weapon Emporium.
 21869 | Orc:2    | Found a transporter.
 21941 | Orc:2    | Found a roughly hewn altar of Beogh.
 22231 | Orc:2    | Found a roughly hewn altar of Beogh.
 22902 | Orc:2    | Noticed an orc warlord
 22944 | Orc:2    | Noticed an orc warlord
 23238 | Orc:2    | Banished an orc warlord
 23268 | Orc:2    | Found Sinuhe's Antique Armour Boutique.
 23269 | Orc:2    | Found a roughly hewn altar of Beogh.
 23307 | Orc:2    | Found Semu Wuth's Antique Weapon Shop.
 23328 | Orc:2    | Bought a glowing trident for 143 gold pieces
 23398 | Orc:2    | Found a roughly hewn altar of Beogh.
 23420 | Orc:2    | Reached XP level 14. HP: 98/106 MP: 23/23
 23426 | Orc:2    | Found Hehoosi's Armour Shop.
 23432 | Orc:2    | Bought a +1 pair of boots of flying for 231 gold pieces
 23550 | Orc:2    | Found a roughly hewn altar of Beogh.
 23564 | Orc:2    | Reached skill level 1 in Stealth
 24539 | D:12     | Paralysed by a chaos spawn for 6 turns
 24545 | D:12     | HP: 3/106 [hellwing[an obsidian statue] (6)]
 24545 | D:12     | Slain by a hellwing

Skill      XL: |  1  2  3  4  5  6  7  8  9 10 11 12 13 14 |
---------------+-------------------------------------------+-----
Dodging        | 3 4 5 7 9 |  9.8
Polearms       | 4 5 7 8 10 11 13 14 | 14.0
Fighting       | 4 5 6 8 |  8.6
Invocations    | 3 4 5 6 7 9 10 11 12 | 12.7
Transmutations | 5 8 10 12 | 12.0
Shields        | 3 5 8 11 | 11.7
Evocations     | 1 |  1.8
Stealth        | 1 |  1.4
Armour         | |  0.6

Action                   |  1- 3 |  4- 6 |  7- 9 | 10-12 | 13-15 || total
-------------------------+-------+-------+-------+-------+-------++-------
Melee: Spear             |   110 |    92 |    20 |   642 |   688 ||  1552
       Hunting sling     |       |    74 |       |       |       ||    74
       Bite              |       |     2 |    35 |   121 |   103 ||   261
       Mace              |       |       |    22 |       |       ||    22
       Trident           |       |       |   296 |   214 |    97 ||   607
       Halberd           |       |       |    16 |       |       ||    16
 Fire: Hunting sling     |       |   259 |    41 |       |       ||   300
Throw: Stone             |       |    14 |    28 |    21 |    36 ||    99
       Tomahawk          |       |       |     6 |    29 |    34 ||    69
Invok: Banish            |       |       |     2 |     7 |     9 ||    18
       Bend Space        |       |       |     1 |     7 |       ||     8
Evoke: Wand              |       |    10 |     2 |       |     5 ||    17
  Use: Scroll            |     1 |     2 |     2 |    23 |     3 ||    31
       Potion            |       |     3 |       |     6 |     2 ||    11
 Stab: Sleeping          |       |     2 |     1 |     8 |     4 ||    15
       Distracted        |       |       |       |       |     1 ||     1
  Eat: Chunk             |     1 |     6 |    11 |    18 |    19 ||    55
       Ration            |       |     2 |     4 |     3 |     2 ||    11
Armor: Leather armour    |     1 |       |       |       |       ||     1
       Robe              |    12 |    83 |    47 |    44 |    53 ||   239
Dodge: Dodged            |    48 |   316 |   237 |   252 |   131 ||   984
Block: Other             |       |     5 |    42 |     5 |       ||    52
       Reflection        |       |       |     1 |    34 |    54 ||    89
       Shield            |       |       |       |   446 |   400 ||   846
